 Dungeon Crawl Stone Soup version 0.18.1-5-g4a78601 (webtiles) character file.

49 Gargoyl the Skirmisher (level 3, 0/29 HPs)
             Began as a Demonspawn Abyssal Knight on May 9, 2016.
             Was a Follower of Lugonu.
             Succumbed to an adder's poison
             ... on level 2 of the Dungeon.
             The game lasted 00:02:45 (1231 turns).

Gargoyl the Skirmisher (Demonspawn Abyssal Knight)  Turns: 1231, Time: 00:02:46

Health: 0/29       AC:  4    Str: 18    XL:     3   Next: 51%
Magic:  5/5        EV: 12    Int: 13    God:    Lugonu [*.....]
Gold:   119        SH:  0    Dex: 20    Spells: 0 memorised, 2 levels left

rFire  + . .     SeeInvis .     a - +1 hand axe
rCold  . . .     Gourm    .     b - +0 leather armour
rNeg   . . .     Faith    .     (no shield)
rPois  .         Spirit   .     o - +0 helmet
rElec  .         Dismiss  .     (no cloak)
rCorr  .         Reflect  .     (no gloves)
SustAt .         Harm     .     (no boots)
MR     .....                    h - amulet "Ruynig" {RegenMP rF+ Dex+4}
Stlth  ++........               (no ring)
                                l - +4 ring of dexterity

@: mighty, lethally poisoned (0 -> -3), not resistant to hostile enchantments,
unstealthy
A: powered by pain 1
a: Depart the Abyss, Renounce Religion


You were on level 2 of the Dungeon.
You worshipped Lugonu.
Lugonu was aware of your devotion.
You were not hungry.

You visited 1 branch of the dungeon, and saw 2 of its levels.
You visited the Abyss 1 time.

You collected 119 gold pieces.

Inventory:

Hand Weapons
 a - a +1 hand axe (weapon)
Missiles
 e - 7 silver tomahawks (quivered)
Armour
 b - a +0 leather armour (worn)
 o - a +0 helmet (worn)
Jewellery
 g - an uncursed amulet of rage
 h - the amulet "Ruynig" (around neck) {RegenMP rF+ Dex+4}
   (You found it on level 2 of the Abyss)

   [amulet of magic regeneration]

   It increases your magic regeneration.
   It affects your dexterity (+4).
   It protects you from fire.
 l - a +4 ring of dexterity (left hand)
Wands
 f - a wand of random effects (21/48)
Scrolls
 d - a scroll of identify {unknown}
 i - 3 scrolls of teleportation {unknown}
 m - a scroll of fog {unknown}
 n - 2 scrolls of remove curse {unknown}
Comestibles
 c - a bread ration
 p - 3 fruits
 q - a chunk of flesh


   Skills:
 + Level 3.5 Fighting
 + Level 2.1 Axes
 * Level 2.4 Armour
 + Level 1.3 Dodging
 + Level 2.8 Invocations


You had 2 spell levels left.
You didn't know any spells.

Dungeon Overview and Level Annotations

Branches:
Dungeon (2/15)

Altars:


Innate Abilities, Weirdness & Mutations

You sometimes gain a little power by taking damage.


Message History

You kill the jackal!
Lugonu accepts your kill.
* * * LOW HITPOINT WARNING * * *
You feel sick.
* * * LOW HITPOINT WARNING * * *
You feel sick.
You see here an adder corpse.
Unknown command.
* * * LOW HITPOINT WARNING * * *
You feel sick.
* * * LOW HITPOINT WARNING * * *
You feel sick.
You aren't carrying any potions.
You see here a scroll labeled YGGUXU MEARA.
n - 2 scrolls labeled YGGUXU MEARA (gained 1)
* * * LOW HITPOINT WARNING * * *
You feel sick.
* * * LOW HITPOINT WARNING * * *
You feel sick.
You die...

.... .......# #.. .....
....#.# ..##. ) .....
....#.##.... ..
.......... ..#.#...##...
.........# #....?.......
.........###.#..........
#.......................
................@....#
.........#..........##
....................#
.........†..........#
.........†..........#
#.......##..........#
##.....##...........#
###.##..............#
.......###########


There were no monsters in sight!

Vanquished Creatures
  An adder (D:2)
  An ooze (D:1)
  A dart slug (D:1)
  2 giant geckos
  6 bats
  A giant cockroach (D:1)
  A goblin (D:1)
  3 hobgoblins
  3 jackals (D:2)
  4 kobolds
  A quokka (D:2)
  A giant newt (D:1)
  7 rats
32 creatures vanquished.

Notes
Turn   | Place    | Note
--------------------------------------------------------------
     0 | Abyss:1  | Gargoyl the Demonspawn Abyssal Knight began the quest for the Orb.
     0 | Abyss:1  | Reached XP level 1. HP: 18/18 MP: 2/2
    49 | Abyss:2  | Found a corrupted altar of Lugonu.
    71 | Abyss:2  | Noticed a chaos spawn
    87 | Abyss:2  | Noticed an apocalypse crab
    97 | Abyss:2  | Got a transparent steel amulet
    98 | D:1      | Escaped the Abyss
   101 | D:1      | Identified the amulet "Ruynig" {RegenMP rF+ Dex+4} (You found it on level 2 of the Abyss)
   424 | D:1      | Gained mutation: You sometimes gain a little power by taking damage. [demonic ancestry]
   424 | D:1      | Reached XP level 2. HP: 23/24 MP: 3/3
   496 | D:1      | Reached * piety under Lugonu
  1108 | D:1      | Reached XP level 3. HP: 24/29 MP: 5/5
  1190 | D:2      | Reached skill level 1 in Dodging
  1225 | D:2      | HP: 1/29 [poisoned by an adder]
  1231 | D:2      | Succumbed to an adder's poison

Skill      XL: |  1  2  3 |
---------------+----------+-----
Armour         | 2 |  2.4
Axes           | 2 |  2.1
Dodging        | 1 |  1.3
Fighting       | |  3.5
Invocations    | |  2.8

Action                   || total
-------------------------++-------
Melee: Hand axe          ||    82
Invok: Depart the Abyss  ||     1
  Use: Potion            ||     2
 Stab: Sleeping          ||     1
  Eat: Chunk             ||     1
Armor: Leather armour    ||    48
Dodge: Dodged            ||    61
